 Dungeon Crawl Stone Soup version 0.17.0-28-g6e173f8 (webtiles) character file.

79 lucasterio the Ruffian (level 4, 0/35 HPs)
             Began as a Draconian Transmuter on Dec 1, 2015.
             Succumbed to an adder's poison
             ... on level 3 of the Dungeon.
             The game lasted 00:05:43 (2564 turns).

lucasterio the Ruffian (Draconian Transmuter)       Turns: 2564, Time: 00:05:43

Health: 0/35       AC:  6    Str: 14    XL:     4   Next: 17%
Magic:  7/7        EV: 12    Int: 13    God:
Gold:   120        SH:  0    Dex: 11    Spells: 2 memorised, 4 levels left

rFire  . . .     SeeInvis .       - Unarmed
rCold  . . .     Clarity  .     (armour unavailable)
rNeg   . . .     SustAt   .     (no shield)
rPois  .         Gourm    .     (helmet restricted)
rElec  .         Spirit   .     l - +0 cloak
rCorr  .         Warding  .     (no gloves)
rMut   .         Stasis   .     (no boots)
MR     .....                    (no amulet)
Stlth  +.........               (no ring)
                                (no ring)

@: lethally poisoned (0 -> -11), not resistant to hostile enchantments, very
unstealthy
A: unfitting armour, cold-blooded, AC +5
a: no special abilities


You were on level 3 of the Dungeon.
You were not hungry.

You visited 1 branch of the dungeon, and saw 3 of its levels.

You collected 120 gold pieces.

Inventory:

Missiles
 a - 12 arrows
 o - 5 javelins (quivered)
Armour
 l - a +0 cloak (worn)
Jewellery
 d - an uncursed ring of poison resistance {unknown}
 g - an uncursed ring of wizardry {unknown}
Scrolls
 e - 2 scrolls of immolation {unknown}
 j - 2 scrolls of identify {unknown}
 m - 2 scrolls of remove curse {unknown}
 n - a scroll of recharging {unknown}
 p - a scroll of enchant weapon {unknown}
Potions
 f - a potion of mutation {unknown}
 h - a potion of flight {unknown}
 i - a potion of might {unknown}
Books
 b - a book of Changes

   Spells                             Type                      Level
   a - Beastly Appendage              Transmutation                1
   b - Sticks to Snakes               Transmutation                2
   c - Spider Form                    Transmutation/Poison         3
   d - Ice Form                       Ice/Transmutation            4
   e - Blade Hands                    Transmutation                5
Comestibles
 c - a bread ration
 k - a meat ration


   Skills:
 - Level 1.1 Fighting
 - Level 2.0 Dodging
 + Level 4.0 Unarmed Combat
 - Level 2.0 Spellcasting
 + Level 3.3 Transmutations


You had 4 spell levels left.
You knew the following spells:

 Your Spells              Type           Power        Failure   Level  Hunger
a - Beastly Appendage     Trmt           #.....       10%         1    ##.....
b - Sticks to Snakes      Trmt           #.........   12%         2    ###....


Dungeon Overview and Level Annotations

Branches:
Dungeon (3/15)

Altars:


Innate Abilities, Weirdness & Mutations

Your plain brown scales are hard (AC +5).
Your body does not fit into most forms of armour.
You are cold-blooded and may be slowed by cold attacks.


Message History

You feel sick.
* * * LOW HITPOINT WARNING * * *
You feel sick. The adder bites you but does no damage.
* * * LOW HITPOINT WARNING * * *
You feel sick.
* * * LOW HITPOINT WARNING * * *
You feel sick. The adder bites you.
* * * LOW HITPOINT WARNING * * *
You are more poisoned.
The adder poisons you!
* * * LOW HITPOINT WARNING * * *
You feel sick.
* * * LOW HITPOINT WARNING * * *
You feel sick.
* * * LOW HITPOINT WARNING * * *
You feel sick.
Found 4 gold pieces.
Found a stone staircase leading down.
* * * LOW HITPOINT WARNING * * *
You feel sick. The adder bites you but does no damage.
You die...

..##.######.# ##
............. . ..
#####.#####.##.# .#
#.####...#.# .####
#.##...#... .....
#.##>#...####..#
#.##.##...S....####
#.......###.......#
#.......# #.@.....#
#.......# #.......#
#.......# #..$....#
#..#.##.# #...>...#
#..#.##.# #.......#
#.......# #.......#
#.......# #########
#.##.##.# #.......#


You could see an adder.

Vanquished Creatures
  A gnoll (D:1)
  An adder (D:2)
  An ooze (D:1)
  4 worms
  2 giant geckos (D:1)
  2 orcs (D:3)
  4 giant cockroaches
  6 goblins
  2 hobgoblins (D:3)
  2 bats
  2 giant newts
  10 kobolds
  A quokka (D:3)
  4 rats
42 creatures vanquished.

Notes
Turn   | Place    | Note
--------------------------------------------------------------
     0 | D:1      | lucasterio the Draconian Transmuter began the quest for the Orb.
     0 | D:1      | Reached XP level 1. HP: 16/16 MP: 3/3
   306 | D:1      | Reached XP level 2. HP: 20/23 MP: 5/5
   878 | D:1      | Reached XP level 3. HP: 26/28 MP: 6/6
  2246 | D:3      | Reached skill level 4 in Unarmed Combat
  2281 | D:3      | Reached XP level 4. HP: 31/35 MP: 7/7
  2291 | D:3      | Learned a level 2 spell: Sticks to Snakes
  2563 | D:3      | HP: 1/35 [poisoned by an adder]
  2564 | D:3      | Succumbed to an adder's poison

Action                   |  1- 3 |  4- 6 || total
-------------------------+-------+-------++-------
Melee: Unarmed           |   146 |    37 ||   183
 Cast: Beastly Appendage |     3 |     2 ||     5
  Eat: Chunk             |     4 |     1 ||     5
